[ AOE2 MATCH · #484289436 ]
1v1 RMLithuanians vs Franks
Player's team · LOSS
Rival team · WIN
[ REPLAY ANALYSIS · EXTRACTED FROM THE RECORDED GAME ]
Feudal
9:26
Castle
21:07
Imperial
—
| APM avg | 63.1 |
| APM peak | 118 |
| eAPM avg | 28.4 |
| Villagers / military | 60 / 31 |
Focus
⚔️ 22.3% · 🌾 77.7%
Knight ×16 · Monk ×6 · Scout Cavalry ×5 · Spearman ×4
Feudal
9:31
Castle
18:36
Imperial
—
| APM avg | 50.5 |
| APM peak | 109 |
| eAPM avg | 19.3 |
| Villagers / military | 63 / 47 |
Focus
⚔️ 30.0% · 🌾 70.0%
Knight ×34 · Spearman ×8 · Scout Cavalry ×3 · Scorpion ×1 · Battering Ram ×1
Match map
Resources at game start + every placement click. Thick line = wall · dashed box = detected house wall. 🟡 gold · ⚪ stone · 🟢 berries · 🔶 boar · ⭕ relic
Inputs per minute
— Lith_KING - - 條燉雞湯
Build order — Lith_KING
First 150 of 179 actions detected
| 0:00 | Create | Villager (Male) |
| 0:00 | Create | Villager (Male) |
| 0:02 | Build | House |
| 0:04 | Build | House |
| 0:04 | Create | Villager (Male) |
| 0:25 | Create | Villager (Male) |
| 0:25 | Create | Villager (Male) |
| 0:25 | Create | Villager (Male) |
| 0:25 | Create | Villager (Male) |
| 1:32 | Create | Villager (Male) |
| 1:45 | Build | Lumber Camp |
| 2:07 | Create | Villager (Male) |
| 2:07 | Create | Villager (Male) |
| 2:47 | Create | Villager (Male) |
| 2:47 | Create | Villager (Male) |
| 3:00 | Create | Villager (Male) |
| 3:01 | Create | Villager (Male) |
| 3:36 | Build | House |
| 3:37 | Build | House |
| 3:48 | Create | Villager (Male) |
| 3:49 | Create | Villager (Male) |
| 4:23 | Create | Villager (Male) |
| 4:24 | Create | Villager (Male) |
| 4:24 | Create | Villager (Male) |
| 4:27 | Build | Mill |
| 5:32 | Create | Villager (Male) |
| 5:33 | Create | Villager (Male) |
| 5:34 | Research | Loom |
| 7:16 | Research | Feudal Age |
| 7:16 | Research | Feudal Age |
| 7:16 | Research | Feudal Age |
| 7:50 | Build | Barracks |
| 9:06 | Build | House |
| 9:26 | Age | Feudal Age |
| 9:26 | Create | Villager (Male) |
| 9:29 | Build | Stable |
| 9:32 | Research | Double-Bit Axe |
| 9:36 | Create | Spearman |
| 9:54 | Build | Palisade Wall |
| 9:58 | Build | Palisade Wall |
| 10:05 | Create | Villager (Male) |
| 10:10 | Create | Scout Cavalry |
| 10:11 | Create | Scout Cavalry |
| 10:11 | Create | Scout Cavalry |
| 10:23 | Build | House |
| 10:27 | Create | Villager (Male) |
| 10:36 | Build | Lumber Camp |
| 10:53 | Create | Villager (Male) |
| 11:07 | Build | Palisade Wall |
| 11:24 | Create | Villager (Male) |
| 11:32 | Create | Villager (Male) |
| 11:55 | Build | Mill |
| 11:59 | Create | Villager (Male) |
| 12:03 | Build | Palisade Wall |
| 12:06 | Build | Palisade Wall |
| 12:08 | Create | Villager (Male) |
| 12:16 | Build | Mining Camp |
| 12:28 | Create | Villager (Male) |
| 12:49 | Build | Farm |
| 12:50 | Build | Farm |
| 12:52 | Build | Farm |
| 12:53 | Build | Farm |
| 13:17 | Build | Farm |
| 13:22 | Create | Villager (Male) |
| 13:26 | Build | Farm |
| 13:27 | Build | Farm |
| 13:42 | Build | Palisade Wall |
| 13:43 | Build | Palisade Wall |
| 13:43 | Build | Palisade Wall |
| 13:46 | Build | Palisade Wall |
| 13:54 | Create | Scout Cavalry |
| 13:56 | Create | Villager (Male) |
| 13:57 | Build | Farm |
| 14:01 | Build | Palisade Wall |
| 14:06 | Build | Farm |
| 14:07 | Create | Villager (Male) |
| 14:11 | Build | Farm |
| 14:12 | Build | Farm |
| 14:19 | Create | Scout Cavalry |
| 14:24 | Build | House |
| 14:44 | Build | House |
| 14:48 | Create | Villager (Male) |
| 15:00 | Create | Villager (Male) |
| 15:02 | Build | Farm |
| 15:05 | Build | Farm |
| 15:10 | Build | Farm |
| 15:23 | Create | Villager (Male) |
| 15:28 | Build | Palisade Wall |
| 15:31 | Build | Palisade Wall |
| 15:44 | Build | Palisade Wall |
| 15:56 | Build | Palisade Wall |
| 16:03 | Create | Villager (Male) |
| 16:12 | Build | Farm |
| 16:13 | Build | Farm |
| 16:25 | Create | Villager (Male) |
| 16:30 | Build | Blacksmith |
| 17:04 | Create | Villager (Male) |
| 17:29 | Create | Villager (Male) |
| 17:32 | Build | House |
| 17:56 | Create | Villager (Male) |
| 18:09 | Build | Stable |
| 18:10 | Build | Stable |
| 18:27 | Research | Castle Age |
| 18:27 | Research | Castle Age |
| 18:33 | Build | Farm |
| 18:35 | Build | Farm |
| 18:37 | Build | Farm |
| 19:21 | Build | House |
| 19:22 | Build | House |
| 19:24 | Build | House |
| 19:28 | Build | House |
| 19:30 | Build | House |
| 19:30 | Build | House |
| 19:31 | Build | House |
| 19:38 | Research | Forging |
| 19:39 | Research | Bloodlines |
| 20:20 | Build | Palisade Wall |
| 20:21 | Build | Palisade Wall |
| 20:23 | Build | Palisade Wall |
| 21:01 | Build | Palisade Wall |
| 21:07 | Age | Castle Age |
| 21:11 | Build | Stable |
| 21:13 | Create | Knight |
| 21:13 | Create | Knight |
| 21:14 | Create | Knight |
| 21:14 | Create | Knight |
| 21:19 | Build | Monastery |
| 21:40 | Research | Bow Saw |
| 21:49 | Research | Scale Barding Armor |
| 21:50 | Research | Iron Casting |
| 21:57 | Create | Monk |
| 21:58 | Create | Monk |
| 21:59 | Build | Farm |
| 22:24 | Create | Villager (Male) |
| 22:24 | Create | Villager (Male) |
| 22:27 | Create | Monk |
| 23:45 | Create | Villager (Male) |
| 23:49 | Build | Town Center |
| 24:05 | Create | Monk |
| 24:05 | Create | Monk |
| 24:10 | Create | Knight |
| 24:11 | Create | Knight |
| 24:15 | Build | Farm |
| 24:18 | Build | Palisade Wall |
| 24:34 | Create | Knight ×3 |
| 24:34 | Create | Knight ×3 |
| 25:42 | Build | Farm |
| 25:48 | Build | Farm |
| 25:50 | Build | Farm |
| 25:55 | Build | Farm |
Build order — 條燉雞湯
First 150 of 180 actions detected
| 0:00 | Create | Villager (Male) |
| 0:01 | Create | Villager (Male) |
| 0:01 | Create | Villager (Male) |
| 0:02 | Build | House |
| 0:04 | Build | House |
| 0:12 | Create | Villager (Male) |
| 0:12 | Create | Villager (Male) |
| 1:26 | Create | Villager (Male) |
| 1:26 | Create | Villager (Male) |
| 1:59 | Create | Villager (Male) |
| 1:59 | Create | Villager (Male) |
| 2:17 | Create | Villager (Male) |
| 2:18 | Create | Villager (Male) |
| 2:22 | Build | Lumber Camp |
| 2:51 | Research | Loom |
| 2:53 | Create | Villager (Male) |
| 2:53 | Create | Villager (Male) |
| 2:53 | Create | Villager (Male) |
| 3:11 | Create | Villager (Male) |
| 3:11 | Create | Villager (Male) |
| 3:11 | Create | Villager (Male) |
| 3:50 | Build | House |
| 3:51 | Build | House |
| 3:57 | Create | Villager (Male) |
| 3:57 | Create | Villager (Male) |
| 4:09 | Create | Villager (Male) |
| 4:19 | Create | Villager (Male) |
| 4:19 | Create | Villager (Male) |
| 5:41 | Create | Villager (Male) |
| 5:52 | Build | Mill |
| 5:55 | Create | Villager (Male) |
| 6:15 | Create | Villager (Male) |
| 6:44 | Research | Loom |
| 7:07 | Research | Feudal Age |
| 7:08 | Research | Feudal Age |
| 7:27 | Build | Mill |
| 7:57 | Create | Villager (Male) |
| 8:31 | Build | Barracks |
| 8:47 | Create | Villager (Male) |
| 9:31 | Age | Feudal Age |
| 9:39 | Create | Villager (Male) |
| 9:53 | Build | Stable |
| 10:08 | Build | Farm |
| 10:09 | Create | Spearman |
| 10:23 | Build | House |
| 10:25 | Build | House |
| 10:26 | Build | Palisade Wall |
| 10:33 | Build | Farm |
| 10:37 | Create | Spearman |
| 11:16 | Build | Farm |
| 11:17 | Build | Farm |
| 11:46 | Create | Villager (Male) |
| 11:51 | Build | Farm |
| 12:05 | Build | House |
| 12:15 | Build | Palisade Wall |
| 12:16 | Build | Palisade Wall |
| 12:16 | Build | Palisade Wall |
| 12:19 | Create | Villager (Male) |
| 12:30 | Create | Villager (Male) |
| 12:44 | Create | Villager (Male) |
| 13:13 | Create | Villager (Male) |
| 13:26 | Build | Farm |
| 13:29 | Create | Scout Cavalry |
| 13:33 | Create | Spearman |
| 13:53 | Create | Villager (Male) |
| 14:05 | Build | Farm |
| 14:08 | Build | Farm |
| 14:16 | Build | House |
| 14:46 | Build | Market |
| 15:09 | Create | Villager (Male) |
| 15:52 | Build | Mining Camp |
| 15:56 | Research | Castle Age |
| 17:03 | Create | Spearman |
| 17:29 | Build | Palisade Wall |
| 17:34 | Create | Villager (Male) |
| 17:51 | Build | Building 800 |
| 18:04 | Build | Lumber Camp |
| 18:11 | Create | Spearman |
| 18:12 | Create | Villager (Male) |
| 18:33 | Create | Spearman |
| 18:33 | Create | Spearman |
| 18:34 | Create | Spearman |
| 18:36 | Age | Castle Age |
| 18:38 | Create | Knight |
| 18:38 | Create | Knight |
| 18:54 | Create | Villager (Male) |
| 19:11 | Build | House |
| 19:12 | Build | House |
| 19:13 | Create | Knight |
| 19:20 | Create | Villager (Male) |
| 19:42 | Build | House |
| 19:42 | Build | House |
| 19:42 | Build | House |
| 19:42 | Build | House |
| 19:58 | Create | Knight |
| 20:08 | Build | Blacksmith |
| 20:11 | Create | Villager (Male) |
| 20:12 | Create | Knight |
| 20:39 | Create | Villager (Male) |
| 20:40 | Create | Knight |
| 20:40 | Create | Knight |
| 20:43 | Research | Scale Barding Armor |
| 20:52 | Build | Farm |
| 20:53 | Build | Farm |
| 20:54 | Build | Farm |
| 20:54 | Build | Farm |
| 21:02 | Create | Villager (Male) |
| 21:19 | Build | Palisade Wall |
| 21:23 | Build | Palisade Wall |
| 21:24 | Build | Palisade Wall |
| 22:09 | Create | Villager (Male) |
| 22:22 | Create | Villager (Male) |
| 22:23 | Create | Knight |
| 22:23 | Create | Knight |
| 22:39 | Create | Villager (Male) |
| 23:13 | Create | Villager (Male) |
| 23:14 | Create | Knight |
| 23:14 | Create | Knight |
| 23:40 | Create | Villager (Male) |
| 23:42 | Create | Knight |
| 23:42 | Create | Knight |
| 24:16 | Build | Stable |
| 24:18 | Create | Villager (Male) |
| 24:18 | Create | Villager (Male) |
| 24:22 | Build | Farm |
| 24:24 | Build | Farm |
| 24:25 | Build | Farm |
| 24:28 | Create | Knight |
| 25:12 | Create | Villager (Male) |
| 25:13 | Create | Knight |
| 25:13 | Create | Knight |
| 25:23 | Create | Villager (Male) |
| 25:28 | Build | Farm |
| 25:32 | Build | Farm |
| 25:35 | Create | Villager (Male) |
| 25:43 | Build | Siege Workshop |
| 25:50 | Build | Farm |
| 25:50 | Build | Farm |
| 25:51 | Create | Villager (Male) |
| 26:19 | Create | Villager (Male) |
| 26:20 | Create | Knight |
| 26:20 | Create | Knight |
| 26:20 | Create | Knight |
| 26:38 | Create | Villager (Male) |
| 26:44 | Create | Villager (Male) |
| 27:01 | Create | Scout Cavalry |
| 27:02 | Create | Knight |
| 27:03 | Create | Knight |
| 27:07 | Build | Farm |
| 27:11 | Build | House |
Match timeline
| 7:50 | Lith_KING · first_building Barracks |
| 8:31 | 條燉雞湯 · first_building Barracks |
| 9:26 | Lith_KING · age_up feudal |
| 9:29 | Lith_KING · first_building Stable |
| 9:31 | 條燉雞湯 · age_up feudal |
| 9:53 | 條燉雞湯 · first_building Stable |
| 9:54 | Lith_KING · wall_segment Palisade Wall x2 |
| 9:58 | Lith_KING · wall_segment Palisade Wall x2 |
| 10:26 | 條燉雞湯 · wall_segment Palisade Wall x1 |
| 11:07 | Lith_KING · wall_segment Palisade Wall x4 |
| 12:03 | Lith_KING · wall_segment Palisade Wall x2 |
| 12:06 | Lith_KING · wall_segment Palisade Wall x4 |
| 12:15 | 條燉雞湯 · wall_segment Palisade Wall x2 |
| 12:16 | 條燉雞湯 · wall_segment Palisade Wall x3 |
| 12:16 | 條燉雞湯 · wall_segment Palisade Wall x2 |
| 13:42 | Lith_KING · wall_segment Palisade Wall x1 |
| 13:43 | Lith_KING · wall_segment Palisade Wall x1 |
| 13:43 | Lith_KING · wall_segment Palisade Wall x1 |
| 13:46 | Lith_KING · wall_segment Palisade Wall x1 |
| 14:01 | Lith_KING · wall_segment Palisade Wall x4 |
| 15:28 | Lith_KING · wall_segment Palisade Wall x3 |
| 15:31 | Lith_KING · wall_segment Palisade Wall x3 |
| 15:44 | Lith_KING · wall_segment Palisade Wall x1 |
| 15:55 | 條燉雞湯 · first_market_sell 100 stone |
| 15:56 | Lith_KING · wall_segment Palisade Wall x1 |
| 17:29 | 條燉雞湯 · wall_segment Palisade Wall x1 |
| 18:36 | 條燉雞湯 · age_up castle |
| 20:20 | Lith_KING · wall_segment Palisade Wall x1 |
| 20:21 | Lith_KING · wall_segment Palisade Wall x1 |
| 20:23 | Lith_KING · wall_segment Palisade Wall x1 |
| 21:01 | Lith_KING · wall_segment Palisade Wall x1 |
| 21:07 | Lith_KING · age_up castle |
| 21:19 | 條燉雞湯 · wall_segment Palisade Wall x12 |
| 21:19 | Lith_KING · first_building Monastery |
| 21:23 | 條燉雞湯 · wall_segment Palisade Wall x5 |
| 21:24 | 條燉雞湯 · wall_segment Palisade Wall x6 |
| 24:18 | Lith_KING · wall_segment Palisade Wall x1 |
| 25:43 | 條燉雞湯 · first_building Siege Workshop |
| 31:46 | Lith_KING · first_building Castle |
| 32:31 | Lith_KING · resign |
[ AI ANALYSIS · 1 CREDIT ]
What really happened in this match?
Wolo.gg analyzes every decision: build order, eco, micro, common mistakes by bracket. Personalized analysis on WhatsApp or Discord in 30 seconds.
Civ guide
Lithuanians
Map guide
Arabia
Perfil
Lith_KING